 Dungeon Crawl Stone Soup version 0.26-a0-663-g36e8fdb655 (webtiles) character file.

Game seed: 10794366786962010800

33 droidtality the Cudgeler (level 3, 0/29 HPs)
             Began as a Ghoul Warper on Oct 10, 2020.
             Slain by a kobold (3 damage)
             ... on level 2 of the Dungeon.
             The game lasted 00:01:59 (1576 turns).

droidtality the Cudgeler (Ghoul Warper)             Turns: 1576, Time: 00:02:00

Health: 0/29       AC:  8    Str: 15    XL:     3   Next: 29%
Magic:  4/4        EV:  6    Int:  8    God:
Gold:   136        SH:  0    Dex:  8    Spells: 5/5 levels left

rFire    . . .     SeeInvis .   l - +0 whip
rCold    + . .     Faith    .   (no shield)
rNeg     + + +     Spirit   .   j - +0 chain mail
rPois    ∞         Reflect  .   (no helmet)
rElec    .         Harm     .   (no cloak)
rCorr    .         Rampage  .   (no gloves)
MR       .....                  (no boots)
Stlth    ..........             (no amulet)
HPRegen  0.00/turn              (no ring)
MPRegen  0.09/turn              (no ring)

@: no status effects
A: rotting body, claws 1, cold resistance 1, negative energy resistance 3,
inhibited regeneration, torment resistance, unbreathing
a: no special abilities


You were on level 2 of the Dungeon.
You visited 1 branch of the dungeon, and saw 2 of its levels.

You collected 136 gold pieces.

Inventory:

Hand Weapons
 a - a +0 mace
 l - a +0 whip (weapon)
Missiles
 e - 5 boomerangs of dispersal (quivered)
Armour
 b - a +0 leather armour
 j - a +0 chain mail (worn)
Scrolls
 f - a scroll of remove curse {unknown}
 g - a scroll of fear {unknown}
 h - a scroll of amnesia {unknown}
 i - 2 scrolls of identify {unknown}
 k - a scroll of teleportation {unknown}
Potions
 c - a potion of lignification {unknown}
 m - a potion of flight {unknown}


   Skills:
 - Level 2.1 Fighting
 + Level 3.3 Maces & Flails
 - Level 0.8 Throwing
 - Level 0.8 Armour
 - Level 1.7 Dodging
 - Level 1.7 Spellcasting
   Level 2.6 Translocations


You had 5 spell levels left.
You didn't know any spells.
Your spell library contained the following spells:

 Spells                   Type           Power        Failure   Level
 Blink                    Tloc           N/A          99%         2
 Gell's Gravitas          Tloc           #.........   100%        3
 Lesser Beckoning         Tloc           #.........   100%        3
 Teleport Other           Tloc           #.......     100%        3
 Passage of Golubria      Tloc           N/A          100%        4


Dungeon Overview and Level Annotations

Branches:
Dungeon (2/15)

Altars:


Innate Abilities, Weirdness & Mutations

Your body is rotting away.
You thrive by killing the living.
You are immune to poison.
You have sharp fingernails.
Your flesh is cold resistant. (rC+)
You are immune to negative energy. (rN+++)
You do not regenerate when monsters are visible.
You are immune to unholy pain and torment.
You can survive without breathing.


Message History

The adder is severely wounded.
The adder bites you but does no damage.
The kobold hits you with a +0 short sword.
* * * LOW HITPOINT WARNING * * *
You hit the adder but do no damage.
The adder is severely wounded.
The adder barely misses you. The adder bites you.
* * * LOW HITPOINT WARNING * * *
The kobold hits you but does no damage.
Press: ? - help, Dir - move target cursor
As you read the scroll of blinking, it crumbles to dust.
Things that are here:
a +0 club; a kobold corpse A kobold comes into view.
The kobold shouts!
The kobold barely misses you.
There is a stone staircase leading down here.
There is a stone staircase leading up here.
The kobold hits you.
You die...

############
#........@.#
#.########K## #.#
#S.######## #.#
####.#........
###.#####......#######
#.........##...#
#.#.########...# #†#.#
##K..## .
#.#.#######.....##.#


You could see an adder and 2 kobolds.

Vanquished Creatures
  2 worms (D:2)
  A ball python (D:1)
  3 bats
  2 giant cockroaches
  4 goblins (D:1)
  4 hobgoblins
  2 jackals (D:1)
  A kobold (D:2)
  2 frilled lizards (D:1)
  4 rats (D:1)
25 creatures vanquished.

Notes
Turn   | Place    | Note
-------+----------+-------------------------------------------
     0 | D:1      | droidtality the Ghoul Warper began the quest for the Orb.
     0 | D:1      | Reached XP level 1. HP: 17/17 MP: 2/2
    39 | D:1      | Reached skill level 2 in Maces & Flails
   246 | D:1      | Reached XP level 2. HP: 22/24 MP: 3/3
   790 | D:1      | Reached skill level 3 in Maces & Flails
  1215 | D:2      | Reached XP level 3. HP: 17/29 MP: 4/4
  1576 | D:2      | Slain by a kobold

Illustrated notes

Levels and vault maps discovered:
D:1:      minmay_arrival_statue_studded, layout_basic
D:2:      layout_loops_ring, minivault_11, kennysheep_generic_room_11

Skill      XL: |  1  2 |
---------------+-------+-----
Maces & Flails | 2 3 |  3.3
Fighting       | |  2.1
Throwing       | |  0.8
Armour         | |  0.8
Dodging        | |  1.7
Spellcasting   | |  1.7
Translocations | |  2.6

Action                   || total
-------------------------++-------
Melee: Mace              ||    51
       Whip              ||    75
  Use: Scroll            ||     1
Armor: Leather armour    ||    23
       Chain mail        ||    46
Dodge: Dodged            ||    62

Table legend: (Time is in decaauts)
 A = Elapsed time spent in this place.
 B = Non-inter-level travel time spent in this place.
 C = Inter-level travel time spent in this place.
 D = Time resting spent in this place.
 E = Time spent auto-exploring this place.
 F = Levels seen in this place.
 G = Mean time per level.
                   A        B        C        D        E       F      G
               +--------+--------+--------+--------+--------+-----+--------+
         Total |   1585 |   1485 |    100 |    219 |   1018 |   2 |  792.5 |
       Dungeon |   1585 |   1485 |    100 |    219 |   1018 |   2 |  792.5 |
               +--------+--------+--------+--------+--------+-----+--------+

Top non-repeatable levels by time:
     D:1: 1195 daAuts
     D:2: 389 daAuts
